[Event "Early-Titled-Tuesday-Blitz-February-13-2024"]
[Site "Chess.com"]
[Date "2024.02.13"]
[Round "6"]
[White "jefferyx"]
[Black "KuzubovYuriy"]
[Result "0-1"]
[WhiteElo "3014"]
[BlackElo "2947"]
[TimeControl "180+1"]
[EndTime "9:08:47 PST"]
[Termination "KuzubovYuriy won by resignation"]

1. e4 e6 2. d4 d5 3. Nc3 Bb4 4. e5 Ne7 5. a3 Bxc3+ 6. bxc3 b6 7. Qg4 Ng6 8. h4 h5 9. Qg3 Ba6 10. Bxa6 Nxa6 11. Qd3 Nb8 12. Nf3 Nc6 13. Ng5 Qd7 14.
Rh3 Nge7 15. Rf3 Nf5 16. Rf4 Na5 17. f3 O-O-O 18. a4 Kb7 19. Qb5 c6 20. Qe2 Rde8 21.
g4 f6 22. gxf5 fxg5 23. fxe6 Qxe6 24. hxg5 Nc4 25. Rh4 g6 26. Kf2 Rhf8 27. Qd3 Rf5 28. f4 Rf7 29. Be3 Qf5 30. Qxf5 Rxf5 31. Ke2 Kc7 32.
Kd3 Kd7 33. Bc1 Ke6 34. Ra2 Rf7 35. Ra1 Kf5 36. Ra2 Rb7 37. Ra1 a5 38. Ra2 b5 39. Ra1 bxa4 40. Rxa4 Rb1 41. Be3 Nb2+ 0-1

[Event "Early-Titled-Tuesday-Blitz-February-13-2024"]
[Site "Chess.com"]
[Date "2024.02.13"]
[Round "6"]
[White "ProChessWICTH"]
[Black "levallem"]
[Result "1-0"]
[WhiteElo "2522"]
[BlackElo "2328"]
[TimeControl "180+1"]
[EndTime "9:08:48 PST"]
[Termination "ProChessWICTH won by checkmate"]

1. e4 c6 2. d4 d5 3. e5 Bf5 4.
h4 h5 5. Bd3 Bxd3 6. Qxd3 e6 7.
Bg5 Be7 8. Nf3 Nd7 9. Nbd2 Qc7 10. c4 f6 11. Qg6+ Kf8 12. Bf4 Qa5 13. exf6 Bxf6 14. Bd6+ Ne7 15. Ng5 Bxg5 16. hxg5 dxc4 17. Qxe6 Re8 18.
Qxd7 c3 19. bxc3 Qxc3 20. Qf5+ Kg8 21. Qe6+ Kf8 22. Rh3 Qxa1+ 23. Ke2 Rh6 24. gxh6 gxh6 25. Rf3+ Kg7 26. Qf7+ Kh8 27. Be5# 1-0

[Event "Early-Titled-Tuesday-Blitz-February-13-2024"]
[Site "Chess.com"]
[Date "2024.02.13"]
[Round "6"]
[White "Abund"]
[Black "ChessLover0108"]
[Result "0-1"]
[WhiteElo "2759"]
[BlackElo "2992"]
[TimeControl "180+1"]
[EndTime "9:08:50 PST"]
[Termination "ChessLover0108 won by resignation"]

1. e4 c5 2. Nf3 d6 3. Bb5+ Bd7 4.
Bxd7+ Qxd7 5. c4 Nf6 6. Nc3 g6 7. d4 cxd4 8. Nxd4 Bg7 9. f3 O-O 10. Be3 Rc8 11. b3 Nc6 12. O-O a6 13. Qd3 Qd8 14. a4 Nd7 15. Nde2 Nc5 16. Qd1 e6 17. Rb1 Qc7 18. Qd2 Na5 19. Qc2 Ncxb3 20. Rxb3 Nxb3 21.
Qxb3 Qxc4 22. Qxc4 Rxc4 23. Nb1 Rxa4 24. Nd2 Rc8 25.
Rb1 b5 26. Nb3 Ra2 27. Nec1 Ra3 28. Ne2 a5 29. Bc1 Ra2 30. Nf4 a4 31. Na5 b4 32.
Nd3 b3 33. Kf1 Ra1 34. Rxa1 Bxa1 35. Ke2 Rxc1 36. Nxc1 b2 37. Nab3 axb3 38. Nd3 b1=Q 0-1

[Event "Early-Titled-Tuesday-Blitz-February-13-2024"]
[Site "Chess.com"]
[Date "2024.02.13"]
[Round "6"]
[White "PLAYER_2006_M"]
[Black "Sokoloco"]
[Result "1-0"]
[WhiteElo "3020"]
[BlackElo "2799"]
[TimeControl "180+1"]
[EndTime "9:08:52 PST"]
[Termination "PLAYER_2006_M won by resignation"]

1. e4 d6 2. d4 g6 3. Nc3 Bg7 4. Nf3 a6 5. Bd3 b5 6. h3 Bb7 7. Ne2 Nd7 8. O-O c5 9. c3 e6 10. a4 b4 11. cxb4 cxd4 12. Nexd4 Ne7 13. Nb3 O-O 14. Na5 Qb8 15. Rb1 Nc6 16. Nxb7 Qxb7 17. b5 axb5 18. Bxb5 Nde5 19. Be3 Nxf3+ 20. Qxf3 Nd4 21.
Bxd4 Bxd4 22. b4 Rfc8 23. Rfc1 Qb6 24. g3 h5 25. h4 Be5 26. Kg2 Qd4 27. Bc6 Ra6 28.
Bd7 Rxc1 29. Rxc1 Qxb4 30. Bxe6 fxe6 31. Rc7 Bf6 32. Qxf6 Qxe4+ 33. Kh2 1-0

[Event "Early-Titled-Tuesday-Blitz-February-13-2024"]
[Site "Chess.com"]
[Date "2024.02.13"]
[Round "6"]
[White "Qingdom"]
[Black "cukricek"]
[Result "0-1"]
[WhiteElo "2183"]
[BlackElo "2487"]
[TimeControl "180+1"]
[EndTime "9:08:53 PST"]
[Termination "cukricek won by resignation"]

1. d4 Nf6 2. Bg5 Ne4 3. Bf4 c5 4. f3 Qa5+ 5. c3 Nf6 6. Nd2 cxd4 7. Nb3 Qd8 8. cxd4 d5 9. Rc1 Nc6 10. e3 e6 11. Bb5 Bb4+ 12. Kf2 Bd7 13. a3 Be7 14.
Ne2 O-O 15. Nc5 Bxc5 16. Rxc5 Rc8 17. Bxc6 Bxc6 18. Bg5 Qb6 19. Qc2 Nd7 20. Rc3 f6 21. Bh4 e5 22. Rc1 Rce8 23. b4 Bb5 24. dxe5 Nxe5 25.
Nd4 Nc4 26. a4 Nxe3 27. Rxe3 Qxd4 28. Re1 Rxe3 29. Rxe3 Re8 30. axb5 Rxe3 31. Qc5 Qxc5 32. bxc5 Rc3 33. c6 bxc6 34. bxc6 Rxc6 35. Bg3 a5 0-1

[Event "Early-Titled-Tuesday-Blitz-February-13-2024"]
[Site "Chess.com"]
[Date "2024.02.13"]
[Round "6"]
[White "YurasovMat-2012"]
[Black "FARIZA2018"]
[Result "1-0"]
[WhiteElo "2679"]
[BlackElo "2522"]
[TimeControl "180+1"]
[EndTime "9:08:55 PST"]
[Termination "YurasovMat-2012 won on time"]

1. e4 e5 2. Nf3 Nf6 3. Nxe5 d6 4. Nf3 Nxe4 5. Nc3 Nxc3 6. dxc3 Be7 7. Be3 Nd7 8. Qd2 Ne5 9. Nd4 O-O 10. O-O-O a5 11.
h3 Bd7 12. f4 Nc6 13. Nf3 Rb8 14. Bb5 Qe8 15. Rhe1 Nd8 16. Bxd7 Qxd7 17. g4 Nc6 18. f5 b5 19. Bg5 Bxg5 20. Nxg5 f6 21. Ne6 Rf7 22.
Nf4 b4 23. c4 Ne5 24. b3 a4 25. Kb1 axb3 26. cxb3 Qc6 27. Ne6 Qa6 28. Qd5 Ra8 29. Re2 c6 30. Qxd6 Rd7 31. Qxd7 Nxd7 32. Rxd7 Qb6 33.
Nd4 Rd8 34. c5 Qa5 35. Nxc6 1-0

[Event "Early-Titled-Tuesday-Blitz-February-13-2024"]
[Site "Chess.com"]
[Date "2024.02.13"]
[Round "6"]
[White "emeli_chess"]
[Black "marsofsilva"]
[Result "0-1"]
[WhiteElo "2358"]
[BlackElo "2140"]
[TimeControl "180+1"]
[EndTime "9:08:56 PST"]
[Termination "marsofsilva won by resignation"]

1. d4 d5 2. c4 e6 3. Nc3 c5 4.
cxd5 exd5 5. Nf3 Nc6 6. g3 Nf6 7. Bg2 cxd4 8. Nxd4 Bc5 9. Nxc6 bxc6 10. O-O O-O 11.
Bg5 h6 12. Bf4 Re8 13. Rc1 Bb6 14. Na4 Bd7 15. Nxb6 Qxb6 16. b3 Bg4 17. Re1 Ne4 18. Be3 Qa5 19. Bxe4 Rxe4 20. Rxc6 d4 21. Bxd4 Rxd4 22.
Qc1 Rad8 23. f3 Be6 24. Rc2 Rd2 25. Rxd2 Rxd2 26. a4 Bh3 27. Kf2 Qb6+ 0-1

[Event "Early-Titled-Tuesday-Blitz-February-13-2024"]
[Site "Chess.com"]
[Date "2024.02.13"]
[Round "6"]
[White "Bauman_Guy"]
[Black "mbachez"]
[Result "1-0"]
[WhiteElo "2887"]
[BlackElo "2634"]
[TimeControl "180+1"]
[EndTime "9:08:58 PST"]
[Termination "Bauman_Guy won by resignation"]

1. e4 c6 2. d4 d5 3. e5 Qb6 4. Nc3 Bf5 5. Na4 Qa5+ 6. c3 e6 7. h4 h6 8. b4 Qc7 9. Be3 Nd7 10. g4 Be4 11. f3 Bh7 12. Ne2 a5 13. a3 Ne7 14. h5 Nc8 15. Nf4 b6 16. Kf2 Qa7 17. Bd3 Bxd3 18. Qxd3 Be7 19. Nxe6 fxe6 20. Qg6+ Kd8 21.
Qxg7 Re8 22. Qxh6 b5 23. Nc5 Nxc5 24. bxc5 Qd7 25. Qg6 Bf8 26. h6 Ne7 27. Qf7 Bxh6 28. Rxh6 Nc8 29. Bg5+ Kc7 30. Qxd7+ Kxd7 31. Rh7+ Ne7 32.
Rah1 Ra7 33. Bxe7 Rxe7 34. Rxe7+ 1-0

[Event "Early-Titled-Tuesday-Blitz-February-13-2024"]
[Site "Chess.com"]
[Date "2024.02.13"]
[Round "6"]
[White "kylelancman"]
[Black "cyrdap"]
[Result "0-1"]
[WhiteElo "2424"]
[BlackElo "2626"]
[TimeControl "180+1"]
[EndTime "9:08:59 PST"]
[Termination "cyrdap won by resignation"]

1. d4 f5 2. Bg5 d5 3. Nf3 Nf6 4.
Bxf6 exf6 5. e3 g6 6. c4 c6 7. Nc3 Be6 8. cxd5 Bxd5 9. Nxd5 Qxd5 10. Qb3 Qxb3 11. axb3 Bb4+ 12. Kd1 a6 13. Bd3 Ke7 14. h3 Nd7 15. g4 fxg4 16. hxg4 Bd6 17. Ke2 Nb6 18. Rh3 Kf7 19. Rah1 Kg7 20. e4 Rae8 21. Kf1 Bf4 22. Kg2 Nd7 23. Re1 Nf8 24. Bc4 g5 25. e5 fxe5 26. Nxe5 Bxe5 27. dxe5 Ng6 28. Rhe3 b5 29. Bd3 Nf4+ 30. Kg3 h5 31. gxh5 Rxh5 32.
Bf5 Rh4 33. Rc3 Nh5+ 34. Kg2 Rf8 35. Be4 Nf4+ 36. Kg1 Nh3+ 37. Kg2 Rxf2+ 38. Kg3 Rff4 39.
Bg2 Rfg4+ 40. Kf3 Nf4 41. e6 Nxg2 42. e7 Nxe1+ 43. Ke2 Re4+ 44. Re3 Rh2+ 0-1

[Event "Early-Titled-Tuesday-Blitz-February-13-2024"]
[Site "Chess.com"]
[Date "2024.02.13"]
[Round "6"]
[White "sotochess"]
[Black "azikom"]
[Result "1/2-1/2"]
[WhiteElo "2551"]
[BlackElo "2731"]
[TimeControl "180+1"]
[EndTime "9:09:00 PST"]
[Termination "Game drawn by agreement"]

1. e4 c6 2. d4 d5 3. f3 Qb6 4. Nc3 e6 5. Nge2 Nf6 6. e5 Nfd7 7. Na4 Qa5+ 8. Nac3 c5 9. f4 Nc6 10. a3 a6 11. Be3 Qb6 12. Na4 Qa5+ 13. c3 cxd4 14.
b4 Qc7 15. cxd4 b5 16. Nc5 Nxc5 17. dxc5 Be7 18. Nd4 O-O 19. Bd3 f5 20. O-O Bd7 21. Qd2 Nxd4 22. Bxd4 Be8 23. h3 Rb8 24. Rfc1 h6 25. a4 Bc6 26. axb5 axb5 27. Ra6 Ra8 28. Rca1 Rxa6 29. Rxa6 Qc8 30. Ra7 Bd8 31. Kh2 Rf7 32.
Qa2 Rxa7 33. Qxa7 Qd7 34. Qb8 Kh7 35. Qd6 Be7 36. Qb8 Qe8 37. Qxe8 Bxe8 38. g4 g6 39. Kg3 Bc6 1/2-1/2

[Event "Early-Titled-Tuesday-Blitz-February-13-2024"]
[Site "Chess.com"]
[Date "2024.02.13"]
[Round "6"]
[White "BursaBBSatranc"]
[Black "ChessBliss09"]
[Result "1-0"]
[WhiteElo "2669"]
[BlackElo "2129"]
[TimeControl "180+1"]
[EndTime "9:09:01 PST"]
[Termination "BursaBBSatranc won by checkmate"]

1. d4 Nf6 2. Bf4 d5 3. e3 c5 4. Nf3 e6 5. c3 Nc6 6. Nbd2 Bd6 7. Bg3 O-O 8. Bd3 b6 9. e4 dxe4 10. Nxe4 Nxe4 11. Bxe4 Bb7 12. Qa4 Qc7 13. dxc5 bxc5 14.
Bxh7+ Kxh7 15. Qh4+ Kg6 16. Qg5+ Kh7 17. Qh5+ Kg8 18.
Ng5 Rfc8 19. Rd1 Be5 20. f4 Bxf4 21. O-O e5 22. Bxf4 exf4 23. Qh7+ Kf8 24. Qh8+ Ke7 25. Qxg7 Rf8 26. Rfe1+ Ne5 27. Rxe5+ Qxe5 28. Qxe5# 1-0

[Event "Early-Titled-Tuesday-Blitz-February-13-2024"]
[Site "Chess.com"]
[Date "2024.02.13"]
[Round "6"]
[White "pifion"]
[Black "kpio91"]
[Result "0-1"]
[WhiteElo "2674"]
[BlackElo "2894"]
[TimeControl "180+1"]
[EndTime "9:09:02 PST"]
[Termination "kpio91 won by resignation"]

1. d4 e6 2. e4 d5 3. e5 c5 4.
c3 Qb6 5. Nf3 Bd7 6. Na3 cxd4 7.
cxd4 Bb4+ 8. Bd2 Ne7 9. Bxb4 Qxb4+ 10. Qd2 Qb6 11. Bd3 a6 12. O-O Nbc6 13. Nc2 O-O 14. b4 f6 15. Rfe1 Rac8 16. a3 Qd8 17. Re2 f5 18.
Rc1 h6 19. h4 Be8 20. Ree1 Bh5 21. Nh2 f4 22. Be2 Bxe2 23. Rxe2 Nf5 24. h5 Ncxd4 25. Nxd4 Rxc1+ 26. Qxc1 Nxd4 27. Re1 Qg5 28. Qc5 f3 29. g3 Ne2+ 30. Kh1 Qxh5 31. Qe3 Qh3 0-1

[Event "Early-Titled-Tuesday-Blitz-February-13-2024"]
[Site "Chess.com"]
[Date "2024.02.13"]
[Round "6"]
[White "RaugintaBulba"]
[Black "vishwa_vijeta"]
[Result "0-1"]
[WhiteElo "2424"]
[BlackElo "2623"]
[TimeControl "180+1"]
[EndTime "9:09:02 PST"]
[Termination "vishwa_vijeta won by checkmate"]

1. b3 c5 2. Bb2 Nc6 3. Nf3 d6 4. e3 e5 5. d4 cxd4 6. exd4 e4 7. Nfd2 d5 8. Be2 Nf6 9. c4 dxc4 10. Nxc4 Bb4+ 11. Nc3 Nd5 12. Rc1 Qg5 13. Kf1 Bxc3 14. Bxc3 O-O 15. Bd2 Qg6 16. Be3 f5 17. Ne5 Nxe5 18.
dxe5 Be6 19. Bc5 Rf7 20. Bh5 Qg5 21. h4 Qh6 22. Bxf7+ Bxf7 23. g3 Rd8 24. Qc2 Bh5 25. Qc4 Bf3 26. Rg1 b5 27. Qxb5 Qxc1# 0-1

[Event "Early-Titled-Tuesday-Blitz-February-13-2024"]
[Site "Chess.com"]
[Date "2024.02.13"]
[Round "6"]
[White "wonderfultime"]
[Black "GMBenjaminBok"]
[Result "1-0"]
[WhiteElo "3082"]
[BlackElo "2977"]
[TimeControl "180+1"]
[EndTime "9:09:07 PST"]
[Termination "wonderfultime won by resignation"]

1. d4 Nf6 2. Nf3 d5 3. Bf4 c5 4. c3 Nc6 5. e3 Qb6 6. Qc2 Nh5 7.
Be5 f6 8. Bg3 cxd4 9. cxd4 Nb4 10. Qb3 Bf5 11. Na3 Nxg3 12. hxg3 Nd3+ 13. Bxd3 Qxb3 14.
axb3 Bxd3 15. Kd2 Bf5 16. Nb5 Rc8 17. Nc3 a6 18. Nh4 Be6 19. Ng6 Rg8 20. Nf4 Bf5 21.
Nfxd5 e6 22. Nb6 Rc6 23. Nc4 Be7 24. e4 Bg6 25. d5 exd5 26. exd5 Rc8 27. d6 Bd8 28.
Nd5 Rc6 29. Rae1+ Kd7 30. Ne7 Bxe7 31. Rxe7+ Kc8 32. Rc1 Kb8 33. Rxb7+ Kxb7 34. Na5+ Kb6 35. Nxc6 Bf5 36. Ne7 1-0

[Event "Early-Titled-Tuesday-Blitz-February-13-2024"]
[Site "Chess.com"]
[Date "2024.02.13"]
[Round "6"]
[White "Njal28"]
[Black "SirGerhard"]
[Result "1-0"]
[WhiteElo "2990"]
[BlackElo "2801"]
[TimeControl "180+1"]
[EndTime "9:09:11 PST"]
[Termination "Njal28 won by resignation"]

1. d4 Nf6 2. c4 e6 3. Nc3 Bb4 4. e3 O-O 5. a3 Bxc3+ 6. bxc3 d5 7. cxd5 exd5 8. Bd3 c5 9. Ne2 b6 10. O-O Ba6 11.
f3 Re8 12. Ng3 Bxd3 13. Qxd3 Nc6 14. Bb2 h5 15. e4 h4 16. Nf5 dxe4 17. fxe4 Nxe4 18.
d5 c4 19. Qxc4 Na5 20. Qd3 Nb3 21. c4 Nxa1 22. Nxg7 Qg5 23. Nxe8 Rxe8 24. Bxa1 Nc5 25.
Qc2 Qe3+ 26. Kh1 Nd3 27. h3 Qe2 28. Qxe2 Rxe2 29. Bf6 Nc5 30. Bxh4 Re4 31. Bf6 Rxc4 32. d6 Nd7 33. Be7 Rd4 34. Rc1 f6 35. Rc7 Nc5 36. Rxa7 Kf7 37. Bd8+ Ke6 38. Bxb6 Ne4 39. Bxd4 1-0

[Event "Early-Titled-Tuesday-Blitz-February-13-2024"]
[Site "Chess.com"]
[Date "2024.02.13"]
[Round "6"]
[White "Iskusnyh"]
[Black "bitter-cikolata"]
[Result "1-0"]
[WhiteElo "2660"]
[BlackElo "2498"]
[TimeControl "180+1"]
[EndTime "9:09:12 PST"]
[Termination "Iskusnyh won by checkmate"]

1. d4 Nf6 2. c4 e6 3. g3 d5 4. Bg2 Be7 5. Nf3 O-O 6. O-O b6 7. Nc3 Bb7 8. cxd5 exd5 9. Bf4 Nh5 10. Bd2 Nd7 11. Qb3 Nhf6 12. Rad1 c5 13. Bg5 cxd4 14.
Nxd4 Nc5 15. Qc2 h6 16. Bxf6 Bxf6 17. Qf5 Qe7 18. Nxd5 Bxd5 19. Bxd5 Rac8 20. e3 Na4 21. Rd2 Qb4 22. Rfd1 Nxb2 23. Be4 Rfd8 24. Qh7+ Kf8 25. Nc6 Qxd2 26. Qh8# 1-0

[Event "Early-Titled-Tuesday-Blitz-February-13-2024"]
[Site "Chess.com"]
[Date "2024.02.13"]
[Round "6"]
[White "betta2004"]
[Black "GMRAVEN_ON_YOUTUBE"]
[Result "1-0"]
[WhiteElo "2634"]
[BlackElo "2800"]
[TimeControl "180+1"]
[EndTime "9:09:14 PST"]
[Termination "betta2004 won by resignation"]

1. e4 c5 2. Nc3 e6 3. Nge2 Nc6 4. d4 cxd4 5. Nxd4 Qc7 6. Be3 a6 7. g4 b5 8. Nxc6 d6 9. Nd4 Bb7 10. Bg2 b4 11. Nce2 Nf6 12. f3 d5 13. g5 Nh5 14.
exd5 Bxd5 15. Qd2 Bd6 16. O-O-O O-O 17. Nf5 Be5 18. Nfg3 Qa5 19. Bd4 Qxa2 20. Qxb4 Nxg3 21. hxg3 Bxd4 22. Rxd4 e5 23. Nc3 Qa1+ 24. Kd2 Qxh1 25. Bxh1 exd4 26. Nxd5 Rfd8 27. f4 Rab8 28. Qa3 Re8 29.
Bf3 Re6 30. f5 Re5 31. Qd6 Rbe8 32. g4 a5 33. f6 gxf6 34. Nxf6+ Kg7 35. Nxe8+ Rxe8 36. Qxd4+ 1-0

[Event "Early-Titled-Tuesday-Blitz-February-13-2024"]
[Site "Chess.com"]
[Date "2024.02.13"]
[Round "6"]
[White "Shodikulov_Jamshid1990"]
[Black "Alexchess1984"]
[Result "0-1"]
[WhiteElo "2363"]
[BlackElo "2636"]
[TimeControl "180+1"]
[EndTime "9:09:15 PST"]
[Termination "Alexchess1984 won by resignation"]

1. c4 Nf6 2. Nc3 g6 3. g3 Bg7 4. Bg2 O-O 5. Nf3 b6 6. O-O Bb7 7.
d4 Ne4 8. Nxe4 Bxe4 9. Bh3 Bxf3 10. exf3 d5 11. c5 Nc6 12. cxb6 cxb6 13. Be3 Qd6 14. a3 Qf6 15. Re1 e5 16. dxe5 Nxe5 17. Bg2 Nc4 18. Qxd5 Nxe3 19. Rxe3 Qxb2 20. Rae1 Rad8 21. Qb7 Rd2 22. Bf1 Rxf2 23. R3e2 Rxe2 24. Rxe2 Qxa3 25. f4 Qc5+ 26. Kh1 a5 27. Bg2 Qc1+ 0-1

[Event "Early-Titled-Tuesday-Blitz-February-13-2024"]
[Site "Chess.com"]
[Date "2024.02.13"]
[Round "6"]
[White "FMStan15"]
[Black "atalz0"]
[Result "1-0"]
[WhiteElo "2034"]
[BlackElo "2416"]
[TimeControl "180+1"]
[EndTime "9:09:18 PST"]
[Termination "FMStan15 won by resignation"]

1. e4 d5 2. e5 c5 3. c3 Nc6 4. d4 Bf5 5. Bd3 Bxd3 6. Qxd3 e6 7. Ne2 Qb6 8. O-O Nge7 9. Rd1 Nf5 10. a3 h5 11. Ng3 Nxg3 12. hxg3 h4 13. gxh4 Rxh4 14.
g3 Rg4 15. Be3 cxd4 16. cxd4 Qxb2 17. Nc3 Qb6 18. Rdb1 Qc7 19. Nb5 Qd7 20. Kg2 a6 21. Nc3 b5 22. Rh1 Na5 23. Rh8 Nc4 24. Qe2 Rg6 25. Qh5 O-O-O 26. Ne2 Be7 27. Rxd8+ Qxd8 28. Nf4 Rh6 29. Qxf7 Qd7 30. Qxg7 Nxe3+ 31. fxe3 Bf8 32. Qxf8+ 1-0

[Event "Early-Titled-Tuesday-Blitz-February-13-2024"]
[Site "Chess.com"]
[Date "2024.02.13"]
[Round "6"]
[White "davigator"]
[Black "Klavdia_Nik"]
[Result "1-0"]
[WhiteElo "2318"]
[BlackElo "2128"]
[TimeControl "180+1"]
[EndTime "9:09:19 PST"]
[Termination "davigator won on time"]

1. e4 e6 2. d4 d5 3. Nc3 dxe4 4.
Nxe4 Bd7 5. Nf3 Bc6 6. Bd3 Nd7 7.
Qe2 Ngf6 8. Ng3 Be7 9. O-O Bxf3 10. Qxf3 c6 11. c4 Qc7 12. Bf4 Bd6 13. Be3 O-O 14.
Rfe1 Rfe8 15. Rad1 Rad8 16. Nf1 b6 17. Qh3 Bf4 18.
Ng3 Bxe3 19. fxe3 c5 20. Ne2 Nf8 21. Rf1 Ng6 22. Rf2 cxd4 23. exd4 e5 24. d5 e4 25. Bc2 Qxc4 26. Bb3 Qc5 27. Nd4 Nxd5 28. Kh1 e3 29.
Rc2 Qd6 30. g3 Qe5 31. Re2 Nf6 32. Nf3 Rxd1+ 33. Bxd1 Qd5 34. Qf1 Ng4 35. Bb3 Qe4 36. h3 Nf2+ 37. Kg2 Ne5 38. Qxf2 1-0

[Event "Early-Titled-Tuesday-Blitz-February-13-2024"]
[Site "Chess.com"]
[Date "2024.02.13"]
[Round "6"]
[White "TitarovVasiliYouTube"]
[Black "Ducke13"]
[Result "1-0"]
[WhiteElo "2520"]
[BlackElo "2326"]
[TimeControl "180+1"]
[EndTime "9:09:20 PST"]
[Termination "TitarovVasiliYouTube won on time"]

1. Nf3 Nf6 2. g3 g6 3. Bg2 Bg7 4. O-O O-O 5. c4 c5 6. Nc3 Nc6 7. d3 Rb8 8. Be3 d6 9. Rb1 a6 10. a3 b5 11. cxb5 axb5 12. b4 cxb4 13. axb4 d5 14. Nd4 Nxd4 15. Bxd4 e6 16. Qb3 Re8 17. Be5 Rb6 18. Rfc1 Bf8 19. Ne4 Nxe4 20. dxe4 Bd6 21. Bd4 Ra6 22. exd5 e5 23. Bc5 e4 24. Bxd6 Qxd6 25. Bxe4 Rxe4 26. Rxc8+ Kg7 27. Qc3+ Kh6 28.
Qd3 f5 29. Qxb5 Ra2 30. e3 f4 31. exf4 Ree2 32. Rf1 Rad2 33. Qc5 1-0

[Event "Early-Titled-Tuesday-Blitz-February-13-2024"]
[Site "Chess.com"]
[Date "2024.02.13"]
[Round "6"]
[White "FMCarmona"]
[Black "nfds"]
[Result "0-1"]
[WhiteElo "2252"]
[BlackElo "2489"]
[TimeControl "180+1"]
[EndTime "9:09:20 PST"]
[Termination "nfds won by resignation"]

1. e4 e6 2. Qe2 b6 3. Nf3 Bb7 4. g3 Be7 5. Bg2 d5 6. e5 Nd7 7. d3 g5 8. O-O g4 9. Ne1 h5 10. f4 Nh6 11. c4 Nf5 12. cxd5 Bc5+ 13. Kh1 h4 14. Qxg4 Nxg3+ 15. hxg3 hxg3+ 16. Bh3 Nxe5 17. fxe5 Qxd5+ 18. Nf3 O-O-O 19. Kg2 Rdg8 20. Qc4 Rxh3 21. Qxd5 Bxd5 22. Kxh3 g2 23. Rg1 Bxf3 24. Nd2 Bg4+ 25. Kxg2 Be2+ 26. Kh3 Rxg1 27. b3 Bd4 28. Bb2 Rxa1 29.
Bxd4 Rd1 30. Ne4 Rxd3+ 0-1

[Event "Early-Titled-Tuesday-Blitz-February-13-2024"]
[Site "Chess.com"]
[Date "2024.02.13"]
[Round "6"]
[White "Cosi43"]
[Black "masterofpuppets2"]
[Result "0-1"]
[WhiteElo "2617"]
[BlackElo "2456"]
[TimeControl "180+1"]
[EndTime "9:09:21 PST"]
[Termination "masterofpuppets2 won by checkmate"]

1. d4 Nf6 2. Nf3 d5 3. c4 e6 4. Nc3 dxc4 5. e3 a6 6. Bxc4 b5 7. Bd3 Bb7 8. O-O c5 9. b3 Nc6 10. dxc5 Bxc5 11. Bb2 O-O 12. Qe2 Qb6 13. Ng5 Be7 14.
Nce4 Nxe4 15. Nxe4 Nb4 16. Bb1 f5 17. Ng3 Qc6 18.
f3 Qb6 19. Kh1 Nd5 20. Re1 Bc5 21. e4 Nf4 22. Qd2 fxe4 23. Bxe4 Rad8 24. Qc2 Bxe4 25. Qxe4 Bd4 26. Bxd4 Rxd4 27. Qe5 Rd5 28. Qb2 Nd3 29. Qc3 Nf2+ 30. Kg1 Nh3+ 31. Kf1 Qf2# 0-1

[Event "Early-Titled-Tuesday-Blitz-February-13-2024"]
[Site "Chess.com"]
[Date "2024.02.13"]
[Round "6"]
[White "arnash_bauyrzhan"]
[Black "pfalcon1949"]
[Result "0-1"]
[WhiteElo "2260"]
[BlackElo "1937"]
[TimeControl "180+1"]
[EndTime "9:09:21 PST"]
[Termination "pfalcon1949 won on time"]

1. e4 e6 2. d4 d5 3. Nd2 Nc6 4. Ngf3 Nf6 5. e5 Nd7 6. Bd3 f6 7. exf6 Qxf6 8. O-O Nb4 9. Bb5 c5 10. c3 Nc6 11. Re1 Bd6 12. Nf1 O-O 13. Bd3 cxd4 14. Bg5 Qf7 15. cxd4 Kh8 16. Be3 Bf4 17. Rc1 e5 18.
dxe5 Ndxe5 19. Nxe5 Nxe5 20. Bxf4 Qxf4 21. Bxh7 Qxf2+ 22. Kh1 Bg4 23. Qxd5 Nf3 24. Ne3 Nxe1 25. h3 Bf3 26. gxf3 Nxf3 27. Qd6 Qxe3 0-1

[Event "Early-Titled-Tuesday-Blitz-February-13-2024"]
[Site "Chess.com"]
[Date "2024.02.13"]
[Round "6"]
[White "Polish_fighter3000"]
[Black "ViIIagra"]
[Result "1-0"]
[WhiteElo "3075"]
[BlackElo "2970"]
[TimeControl "180+1"]
[EndTime "9:09:22 PST"]
[Termination "Polish_fighter3000 won by resignation"]

1. d4 Nf6 2. c4 g6 3. Nc3 Bg7 4. e4 d6 5. Nf3 O-O 6. Be2 Na6 7. O-O e5 8. Re1 Bg4 9. Be3 exd4 10. Nxd4 Bxe2 11.
Qxe2 Re8 12. f3 c6 13. Rad1 Qa5 14. Nb3 Qc7 15. Qd2 Rad8 16. Kh1 b6 17. Nd4 Nc5 18. b4 Ne6 19. b5 cxb5 20. cxb5 d5 21. e5 Qxe5 22.
Nc6 Qh5 23. Nxd8 Rxd8 24. Ne2 Bf8 25. Nf4 Qf5 26. g4 Qe5 27. Bxb6 Ne4 28. Bxd8 Nxf4 29.
fxe4 Bd6 30. exd5 1-0

[Event "Early-Titled-Tuesday-Blitz-February-13-2024"]
[Site "Chess.com"]
[Date "2024.02.13"]
[Round "6"]
[White "GrumbleBruno"]
[Black "kakarot_001"]
[Result "0-1"]
[WhiteElo "2469"]
[BlackElo "2650"]
[TimeControl "180+1"]
[EndTime "9:09:24 PST"]
[Termination "kakarot_001 won by resignation"]

1. e4 e5 2. Nf3 Nc6 3. Bb5 a6 4. Ba4 Nf6 5. d4 exd4 6. O-O Be7 7. e5 Ne4 8. Nxd4 Nc5 9. Nf5 Ne6 10. Re1 O-O 11.
Nc3 Re8 12. Nd5 Bf8 13. Qg4 Kh8 14. Bf4 d6 15. exd6 cxd6 16. Qd1 Nxf4 17. Rxe8 Qxe8 18.
Nc7 Qe4 19. f3 Qxf5 20. Nxa8 Qg5 21. g3 Ne5 22. Nb6 Be6 23. Bb3 d5 24. c3 Bc5+ 0-1

[Event "Early-Titled-Tuesday-Blitz-February-13-2024"]
[Site "Chess.com"]
[Date "2024.02.13"]
[Round "6"]
[White "crazy_m_attack"]
[Black "Hilary46"]
[Result "1-0"]
[WhiteElo "2475"]
[BlackElo "2635"]
[TimeControl "180+1"]
[EndTime "9:09:24 PST"]
[Termination "crazy_m_attack won by checkmate"]

1. e4 e5 2. Nf3 Nc6 3. Bb5 a6 4. Ba4 Nf6 5. O-O Nxe4 6. d4 b5 7. Bb3 d5 8. dxe5 Be6 9. Nbd2 Bc5 10. Nxe4 dxe4 11. Qxd8+ Rxd8 12. Bxe6 fxe6 13. Ng5 O-O 14. Nxe4 Bb6 15. Bg5 Rd5 16. Rae1 Rxe5 17. Bd2 Nd4 18.
c3 Nc6 19. g3 Rd5 20. Be3 Ne5 21. Kg2 Bxe3 22. Rxe3 Nc4 23. Re2 a5 24. b3 Nb6 25.
Nd2 Rd3 26. Ne4 Rf5 27. Rfe1 Rfd5 28. h4 h6 29. b4 a4 30. Nc5 Rxc3 31. Rxe6 Rc2 32.
Re8+ Kh7 33. Ne6 Rdd2 34. Nf8+ Kg8 35. Ng6+ Kf7 36. h5 Rxf2+ 37. Kh3 Nd5 38. Rf8# 1-0

[Event "Early-Titled-Tuesday-Blitz-February-13-2024"]
[Site "Chess.com"]
[Date "2024.02.13"]
[Round "6"]
[White "Juicy_Fork"]
[Black "AlexTruskavetsky"]
[Result "1-0"]
[WhiteElo "2460"]
[BlackElo "2693"]
[TimeControl "180+1"]
[EndTime "9:09:25 PST"]
[Termination "Juicy_Fork won by checkmate"]

1. e4 c5 2. Nf3 Nc6 3. Bb5 g6 4. O-O Bg7 5. c3 e5 6. d4 cxd4 7. cxd4 Nxd4 8. Nxd4 exd4 9. Bf4 Ne7 10. Bd6 O-O 11. e5 Re8 12. Qxd4 Nc6 13. Bxc6 dxc6 14. Nc3 b6 15. Rad1 Bb7 16. Rfe1 c5 17. Qf4 Qc8 18.
Nb5 Qc6 19. Qf3 Qxb5 20. Qxb7 Qxb2 21. Qd5 Rad8 22. h4 Re6 23. h5 Qc3 24. Qe4 Bf8 25.
Re3 Qa5 26. hxg6 hxg6 27. Qh4 Be7 28. Qh6 Bf8 29. Bxf8 Rxf8 30. Rh3 Rb8 31. Qh8# 1-0

[Event "Early-Titled-Tuesday-Blitz-February-13-2024"]
[Site "Chess.com"]
[Date "2024.02.13"]
[Round "6"]
[White "N4700000"]
[Black "PepeCuenca"]
[Result "1-0"]
[WhiteElo "2458"]
[BlackElo "2689"]
[TimeControl "180+1"]
[EndTime "9:09:26 PST"]
[Termination "N4700000 won on time"]

1. e4 c5 2. Nf3 Nc6 3. Bb5 e5 4. O-O Bd6 5. c3 a6 6. Bc4 b5 7. Bd5 Nge7 8. d4 exd4 9. cxd4 cxd4 10. Bxf7+ Kxf7 11. Ng5+ Ke8 12. Qb3 Rf8 13. Nxh7 Rh8 14.
Ng5 Bxh2+ 15. Kh1 Bf4+ 16. Kg1 Bxg5 17. Bxg5 Ne5 18. Nd2 Nf7 19. Bf4 Qb6 20. Nf3 Qe6 21.
Qd3 Nc6 22. Rfe1 Qf6 23. Bg3 Qe6 24. Nxd4 Nxd4 25. Qxd4 Qg6 26. Qd5 Rb8 27. Bxb8 Rh5 28. Qa8 Qh6 29. Kf1 1-0